 Dungeon Crawl Stone Soup version 0.27-a0-291-gd9602db6ee (webtiles) character file.

Game seed: 12928520205920539881

2806 Foxy the Covert (level 9, -5/68 HPs)
             Began as a Vampire Gladiator on Feb 10, 2021.
             Was an Initiate of Gozag.
             Slain by an orc warrior
             ... wielding a +3 hand axe of electrocution
              (18 damage)
             ... on level 8 of the Dungeon.
             The game lasted 00:16:35 (6330 turns).

Foxy the Covert (Vampire Gladiator)                 Turns: 6330, Time: 00:16:35

Health: -5/68      AC: 12    Str: 15    XL:     9   Next: 44%
Magic:  0/9        EV: 20    Int: 10    God:    Gozag
Gold:   104        SH:  0    Dex: 17    Spells: 4/8 levels left

rFire    . . .     SeeInvis +   K - +1 rapier (protect)
rCold    . . .     Faith    .   (no shield)
rNeg     . . .     Spirit   +   u - +0 troll leather armour {Purgy}
rPois    .         Reflect  .   c - +0 helmet
rElec    .         Harm     .   l - scarf {repulsion}
rCorr    .         Rampage  .   g - +2 pair of gloves
Will     .....                  (no boots)
Stlth    +++++.....             j - amulet of guardian spirit
HPRegen  0.81/turn              I - +4 ring of protection
MPRegen  0.11/turn              C - +4 ring of evasion

@: regenerating quickly, repel missiles
A: fangs 3, see invisible, unbreathing
a: Exsanguinate, Renounce Religion, Potion Petition, Call Merchant, Bribe Branch


You were on level 8 of the Dungeon.
You worshipped Gozag.
Gozag was aware of your devotion.
You visited 2 branches of the dungeon, and saw 9 of its levels.
You also visited: Sewer.

You collected 421 gold pieces.
You spent 159 gold pieces at shops.
You paid 158 gold pieces to Gozag.

Inventory:

Hand Weapons
 a - a +0 rapier
 n - a +0 dagger of venom
 z - a +2 dagger of draining
 A - a +2 short sword of speed
 K - a +1 rapier of protection (weapon)
Missiles
 p - 3 throwing nets
 H - 28 poisoned darts (quivered)
Armour
 c - a +0 helmet (worn)
 g - a +2 pair of gloves (worn)
 l - a scarf of repulsion (worn)
 u - a +0 troll leather armour (worn) {Purgy}
 F - a +0 cloak
Jewellery
 j - an amulet of guardian spirit (around neck)
 m - an uncursed ring of positive energy
 r - an uncursed ring of ice
 s - an uncursed ring of positive energy
 C - a +4 ring of evasion (right hand)
 I - a +4 ring of protection (left hand)
Wands
 w - a wand of acid (7)
Scrolls
 d - a scroll of blinking
 o - 6 scrolls of fear
 t - a scroll of holy word
 v - 2 scrolls of remove curse
 y - 2 scrolls of teleportation
 B - 2 scrolls of magic mapping
 D - 2 scrolls of enchant weapon
 G - 2 scrolls of identify
 L - a scroll of immolation {unknown}
Potions
 b - a potion of ambrosia
 e - 6 potions of curing
 f - a potion of berserk rage {unknown}
 h - 3 potions of degeneration {unknown}
 i - 2 potions of flight {unknown}
 k - a potion of resistance {unknown}
 q - a potion of mutation {unknown}
 x - 2 potions of heal wounds {unknown}
 E - 3 potions of might {unknown}
 J - a potion of attraction {unknown}


   Skills:
 + Level 5.0 Fighting
 * Level 8.9 Short Blades
 - Level 1.5 Throwing
 + Level 6.7 Dodging
 * Level 11.5 Stealth


You had 4 spell levels left.
You knew the following spells:

 Your Spells              Type           Power        Failure   Level
a - Fulminant Prism       Conj/Hex       0%           99%         4

Your spell library contained the following spells:

 Spells                   Type           Power        Failure   Level
 Magic Dart               Conj           0%           43%         1
 Searing Ray              Conj           0%           56%         2
 Dazzling Flash           Conj/Hex       0%           80%         3
 Iskenderun's Mystic Bla  Conj/Tloc      0%           99%         4


Dungeon Overview and Level Annotations

Branches:
Dungeon (8/15)             Temple (1/1) D:7           Sewer (visited)
   Lair: D:8-11

Altars:
Cheibriados
Elyvilon
Gozag
Kikubaaqudgha
Okawaru
Qazlal
Ru
Sif Muna
Trog
Uskayaw
Vehumet
Wu Jian
Xom
Zin

Shops:
D:6 ?(!

Annotations:
D:3 3 runed translucent doors, Asceticacid's ghost, amateur DsGl; HendSelp's ghost, weakling OpTm; SkeletonJelly's ghost, amateur BaFi; dolemite99's ghost, amateur HOFi
D:4 2 transporters, Aneyh's ghost, amateur TeTm
D:7 2 transporters, foci's ghost, amateur GrFi


Innate Abilities, Weirdness & Mutations

Your natural rate of healing is unusually fast.
You have razor-sharp teeth.
You have supernaturally acute eyesight. (SInv)
You can survive without breathing.


Message History

You are too injured to fight recklessly!
You are too injured to fight recklessly!
You are too injured to fight recklessly!
You are too injured to fight recklessly!
You are too injured to fight recklessly!
You are too injured to fight recklessly!
You are too injured to fight recklessly!
You are too injured to fight recklessly!
You are too injured to fight recklessly!
You are too injured to fight recklessly!
Unknown command.
Things that are here:
6 gold pieces; a +0 dagger; a +0 robe
There is a stone staircase leading up here.
The orc closely misses you.
The orc warrior hits you with a +3 hand axe of electrocution!
* * * LOW HITPOINT WARNING * * *
You are electrocuted!!
You die...
Your body crumbles into a pile of gold.

.. .... #.
#... .##..
#..# ##
.....##..###.#
..!..........+
.!......?..$.#
..$....$o##..#
.##..##oo# ..#
# #@.# ..#
#..# ..# ####
..# +##


You could see an orc warrior and 2 orcs.

Vanquished Creatures
  Pikel (D:7)
  A slime creature (D:7)
  Duvessa (D:5)
  Purgy (Sewer)
  2 orc warriors
  An ice beast (D:5)
  A sky beast (D:6)
  2 centaurs
  3 ogres (D:4)
  A phantom (D:6)
  2 lemures (D:7)
  A bullfrog (D:6)
  Dowan (D:5)
  3 wights (D:6)
  4 jellies (D:7)
  4 hounds
  A bullfrog skeleton (D:8)
  2 orc priests
  2 centaur skeletons
  An iguana (D:3)
  4 orc wizards
  3 worker ants
  A hound zombie (D:4)
  A mummy (D:4)
  A hound skeleton (D:4)
  Robin (D:3)
  A worker ant zombie (D:5)
  6 adders
  A shadow imp (D:5)
  7 oozes (D:7)
  2 dart slugs (D:1)
  2 leopard geckos
  14 orcs
  3 bats (D:1)
  6 giant cockroaches
  16 goblins
  10 hobgoblins
  13 jackals
  15 kobolds
  A quokka (D:2)
  A ball python (D:5)
  7 frilled lizards
  A kobold zombie (D:4)
  3 orc zombies (D:4)
  A quokka skeleton (D:4)
  10 rats
166 creatures vanquished.

Vanquished Creatures (others)
  3 fungi (D:7)
  9 toadstools (D:7)
12 creatures vanquished.

Grand Total: 178 creatures vanquished

Notes
Turn   | Place    | Note
-------+----------+-------------------------------------------
     0 | D:1      | Foxy the Vampire Gladiator began the quest for the Orb.
     0 | D:1      | Reached XP level 1. HP: 16/16 MP: 1/1
    65 | D:1      | Reached skill level 1 in Stealth
    68 | D:1      | Reached XP level 2. HP: 9/22 MP: 2/2
   191 | D:1      | Reached skill level 2 in Stealth
   392 | D:1      | Reached XP level 3. HP: 27/27 MP: 3/3
   559 | D:1      | You fall into a shaft and drop 1 floor!
  1076 | D:3      | Found a runed translucent gate.
  1076 | D:3      | Noticed dolemite99's ghost (amateur HOFi)
  1077 | D:3      | Found a runed translucent gate.
  1077 | D:3      | Found a runed translucent gate.
  1077 | D:3      | Noticed SkeletonJelly's ghost (amateur BaFi)
  1077 | D:3      | Noticed Asceticacid's ghost (amateur DsGl)
  1078 | D:3      | Noticed HendSelp's ghost (weakling OpTm)
  1162 | D:3      | Reached skill level 3 in Stealth
  1281 | D:3      | Reached XP level 4. HP: 9/33 MP: 2/4
  1421 | D:3      | Noticed Robin
  1505 | D:3      | Killed Robin
  1506 | D:3      | Reached skill level 4 in Stealth
  1557 | D:3      | Found a hide-covered altar of Uskayaw.
  1988 | D:3      | Found a sacrificial altar of Ru.
  2202 | D:4      | Reached XP level 5. HP: 39/39 MP: 5/5
  2228 | D:4      | Noticed an ogre
  2238 | D:4      | Killed an ogre
  2239 | D:4      | Reached skill level 5 in Stealth
  2265 | D:4      | Found a transporter.
  2267 | D:4      | Noticed Aneyh's ghost (amateur TeTm)
  2292 | D:4      | Reached skill level 5 in Short Blades
  2311 | D:4      | Found a transporter.
  2318 | D:4      | Noticed an ogre
  2332 | D:4      | Killed an ogre
  2333 | D:4      | Reached XP level 6. HP: 46/46 MP: 6/6
  2451 | D:4      | Reached skill level 6 in Stealth
  2548 | D:4      | Found a white marble altar of Elyvilon.
  2555 | D:4      | Found a shimmering altar of Xom.
  2845 | D:4      | Found an ornate altar of the Wu Jian Council.
  2952 | D:5      | Entered Level 5 of the Dungeon
  2958 | D:5      | Noticed an ice beast
  2971 | D:5      | Noticed Duvessa
  2974 | D:5      | Noticed Dowan
  3071 | D:5      | Killed Duvessa
  3072 | D:5      | Reached skill level 7 in Stealth
  3072 | D:5      | Reached XP level 7. HP: 11/52 MP: 2/7
  3072 | D:5      | Killed Dowan
  3194 | D:5      | Found a glowing drain.
  3236 | Sewer    | Entered a sewer
  3300 | Sewer    | Noticed Purgy
  3325 | Sewer    | Killed Purgy
  3515 | D:6      | Reached skill level 5 in Dodging
  3528 | D:6      | Reached skill level 8 in Stealth
  3550 | D:6      | Found a bloodstained altar of Trog.
  3627 | D:6      | Reached XP level 8. HP: 60/60 MP: 8/8
  3872 | D:5      | Reached skill level 9 in Stealth
  4500 | D:6      | Found Yrhi's Magic Scroll Shoppe.
  4522 | D:6      | Bought a scroll of noise for 12 gold pieces
  4757 | D:6      | Reached skill level 10 in Stealth
  4769 | D:6      | Found Fuiteafi's Antique Weapon Boutique.
  4769 | D:6      | Found Iggoijak's Distillery.
  4919 | D:7      | Noticed Pikel
  5023 | D:7      | Killed Pikel
  5024 | D:7      | Reached XP level 9. HP: 66/66 MP: 7/9
  5065 | D:7      | Found a transporter.
  5072 | D:7      | Noticed a purple ugly thing
  5074 | D:7      | Noticed foci's ghost (amateur GrFi)
  5089 | D:7      | Found a transporter.
  5111 | D:7      | Found the +13 scythe of Curses {drain, *Drain}
  5669 | D:7      | Reached skill level 11 in Stealth
  5875 | D:7      | Learned a level 4 spell: Fulminant Prism
  5875 | D:7      | Found a staircase to the Ecumenical Temple.
  5886 | Temple   | Entered the Ecumenical Temple
  5905 | Temple   | Became a worshipper of Gozag Ym Sagoz the Greedy
  6001 | D:6      | Bought a glowing rapier for 147 gold pieces
  6300 | D:8      | Reached skill level 5 in Fighting
  6330 | D:8      | Slain by an orc warrior

Illustrated notes

Levels and vault maps discovered:
D:1:      giann_wishing_wells, layout_rooms
D:2:      layout_basic, kennysheep_generic_room_3
D:3:      minmay_inner_zag, layout_basic, nicolae_ru_the_path_less_chosen,
          overflow_temple_1_default, gammafunk_ghost_cemetery,
          grunt_ministairs_14, uniq_robin
D:4:      layout_loops_ring, pdpol_wu_jian_five_deadly_venoms,
          amethyst_overflow_temple_binary, gammafunk_ghost_stat_death,
          minmay_mini_ossuary
D:5:      layout_gridville, cheibrodos_sewer_entry_drain, dk_vineyard_3,
          uniq_duvessa
D:6:      layout_cave_pools, serial_shops, shop_coins, shop_statue, shop,
          bloody_trog
D:7:      cheibrodos_fertilizer, layout_loops_ring, temple_hall,
          nzn_ghost_randoct, uniq_pikel
D:8:      layout_gridville, nzn_hepliaklqana_mist_gate
Temple:   zaba_magenta_temple

Skill      XL: |  1  2  3  4  5  6  7  8  9 |
---------------+----------------------------+-----
Stealth        | 1 2 3 4 5 7 8 10 11 | 11.5
Fighting       | 2 3 4 5 |  5.0
Short Blades   | 4 5 6 8 |  8.9
Dodging        | 4 5 6 |  6.7
Throwing       | |  1.5

Action                   |  1- 3 |  4- 6 |  7- 9 || total
-------------------------+-------+-------+-------++-------
Melee: Rapier            |   131 |    41 |    38 ||   210
       Bite              |    14 |    24 |    67 ||   105
       Dagger            |       |   132 |    20 ||   152
       Short sword       |       |       |   400 ||   400
Throw: Throwing net      |     3 |     1 |       ||     4
Evoke: Wand              |       |       |     1 ||     1
  Use: Scroll            |     4 |       |    10 ||    14
 Stab: Sleeping          |     7 |    10 |    14 ||    31
       Held in net/web   |       |     1 |       ||     1
Armor: Leather armour    |    39 |    32 |    27 ||    98
       Troll leather arm |       |       |    52 ||    52
Dodge: Dodged            |    76 |    83 |   224 ||   383
       Repelled          |       |       |     3 ||     3

Table legend: (Time is in decaauts)
 A = Elapsed time spent in this place.
 B = Non-inter-level travel time spent in this place.
 C = Inter-level travel time spent in this place.
 D = Time resting spent in this place.
 E = Time spent auto-exploring this place.
 F = Levels seen in this place.
 G = Mean time per level.
                   A        B        C        D        E       F      G
               +--------+--------+--------+--------+--------+-----+--------+
         Total |   6083 |   5702 |    381 |    234 |   3561 |  10 |  608.3 |
       Dungeon |   5887 |   5519 |    368 |    234 |   3490 |   8 |  735.9 |
        Temple |     32 |     19 |     13 |      0 |      0 |   1 |   32.0 |
         Sewer |    163 |    163 |      0 |      0 |     70 |   1 |  163.0 |
               +--------+--------+--------+--------+--------+-----+--------+

Top non-repeatable levels by time:
     D:3: 1205 daAuts
     D:7: 1181 daAuts
     D:5: 1013 daAuts
     D:4: 809 daAuts
     D:6: 651 daAuts
     D:1: 635 daAuts
     D:2: 357 daAuts
   Sewer: 163 daAuts
     D:8: 33 daAuts
  Temple: 32 daAuts
